 Dungeon Crawl Stone Soup version 0.29.0-4-gdea44cf6ec (webtiles) character file.

Game seed: 7648722082540070114

638 qw the Chopper (level 7, 0/59 HPs)
             Began as a Ghoul Enchanter on Sept 8, 2022.
             Slain by an orc priest
             ... wielding a +0 club
              (5 damage)
             ... on level 4 of the Dungeon.
             The game lasted 00:02:29 (6003 turns).

qw the Chopper (Ghoul Enchanter)                    Turns: 6003, Time: 00:02:30

Health: 0/59       AC:  7    Str: 14    XL:     7   Next: 50%
Magic:  8/8        EV:  9    Int: 10    God:
Gold:   197        SH:  0    Dex:  9    Spells: 9/9 levels left

rFire   . . .      SeeInvis .   Y - +1 hand axe
rCold   + . .      Faith    .   (no shield)
rNeg    + + +      Spirit   .   l - +0 scale mail
rPois   inf        Reflect  .   b - +0 helmet
rElec   .          Harm     .   (no cloak)
rCorr   .          Rampage  .   (no gloves)
Will    .....                   (no boots)
Stlth   +.........              (no amulet)
HPRegen 0.00/turn               (no ring)
MPRegen 0.11/turn               (no ring)

@: inhibited regen
A: claws 1, cold resistance 1, negative energy resistance 3, inhibited
regeneration, torment resistance 2, devour on kill
a: no special abilities


You were on level 4 of the Dungeon.
You visited 1 branch of the dungeon, and saw 4 of its levels.

You collected 197 gold pieces.


Innate Abilities, Weirdness & Mutations

You are immune to poison.
You have sharp fingernails.
Your flesh is cold resistant. (rC+)
You are immune to negative energy. (rN+++)
You do not regenerate when monsters are visible.
You are immune to unholy pain and torment.
You thrive by killing the living.


   Skills:
 - Level 4.3 Fighting
 - Level 0.8 Short Blades
 + Level 5.7 Axes
 - Level 1.4 Armour
 - Level 1.7 Dodging
 - Level 3.2 Stealth
 - Level 1.7 Spellcasting
 - Level 2.4 Hexes


You had 9 spell levels left.
You didn't know any spells.
Your spell library contained the following spells:

 Spells                   Type           Power      Damage    Failure   Level
 Ensorcelled Hibernation  Hex/Ice        6%         N/A       78%         2
 Confusing Touch          Hex            5%         N/A       83%         3
 Tukima's Dance           Hex            5%         N/A       83%         3
 Dazzling Flash           Conj/Hex       6%         N/A       95%         3

Inventory:

Hand Weapons
 e - a +0 flail
 Y - a +1 hand axe (weapon)
Armour
 b - a +0 helmet (worn)
 l - a +0 scale mail (worn)
Scrolls
 d - 2 scrolls of torment {unknown}
 i - a scroll of identify
Potions
 a - a potion of lignification {unknown}
 c - a potion of cancellation {unknown}
 f - a potion of resistance {unknown}
 g - 3 potions of haste
 h - a potion of degeneration {unknown}
 j - a potion of heal wounds {unknown}
 m - a potion of might {unknown}

Dungeon Overview and Level Annotations

Branches:
Dungeon (4/15)
 Temple: D:4-7

Altars:

Annotations:
D:3 2 transporters, qw's ghost, amateur GrBe


Message History

The orc hits you with a +0 hand axe.
You barely miss the orc.
The orc is lightly wounded.
You hit the orc priest.
The orc priest hits you but does no damage.
The orc hits you with a +0 hand axe.
You hit the orc priest.
The orc priest is moderately wounded.
You hit the orc but do no damage. The orc priest barely misses you.
The orc hits you but does no damage.
You hit the orc priest.
The orc priest is severely wounded.
You hit the orc.
The orc priest begins to cast a cantrip, but forgets the words!
The orc hits you but does no damage.
You hit the orc priest.
The orc priest is almost dead.
You closely miss the orc.
The orc priest hits you but does no damage.
The orc barely misses you.
You closely miss the orc priest.
The orc priest is almost dead.
You barely miss the orc. The orc priest completely misses you.
The orc barely misses you.
You completely miss the orc priest.
The orc priest is almost dead.
You hit the orc.
You kill the orc!
You feel better.
The orc priest hits you but does no damage.
You barely miss the orc priest.
The orc priest is almost dead.
The orc priest hits you with a +0 club.
You barely miss the orc priest.
The orc priest is almost dead.
The orc priest hits you with a +0 club.
You barely miss the orc priest.
The orc priest is almost dead.
The orc priest hits you with a +0 club.
You die...

###### #..... #..... ##### #####
#..... #.... ....# #.....
#####.### ....# #..... #........
....#######....o##########.##.###
....'.....'....)@............># #
....#######....)##########.#.## #
....# #..... #.#.# ....# #.....
#.#.# ....## ###### #.#.# (.)..#
#########...# ####.#
#.........### ####.###
#.#####..## ##.....## #.###...##


You could see an orc priest.

Vanquished Creatures
  2 black bears (D:4)
  A phantom (D:4)
  A scorpion (D:4)
  A howler monkey (D:3)
  A hound (D:3)
  2 orc priests
  An iguana (D:4)
  Robin (D:3)
  7 adders
  A dart slug (D:3)
  8 orcs
  11 bats
  6 endoplasms
  3 giant cockroaches
  12 goblins
  10 hobgoblins
  2 jackals (D:2)
  A quokka (D:2)
  9 ball pythons
  3 frilled lizards
  4 kobolds
  5 rats
92 creatures vanquished.

Notes
Turn   | Place    | Note
-------+----------+-------------------------------------------
     0 | D:1      | qw the Ghoul Enchanter began the quest for the Orb.
     0 | D:1      | Reached XP level 1. HP: 14/14 MP: 2/2
     0 | D:1      | 0 ||| qw: Version: 0.1-a-112-g44dc6cd
     0 | D:1      | 0 ||| qw: Game counter: 6838
     0 | D:1      | 0 ||| qw: Always use a shield: true
     0 | D:1      | 0 ||| qw: God list: Okawaru
     0 | D:1      | 0 ||| qw: Allow faded altars: false
     0 | D:1      | 0 ||| qw: Do Orc after D:15 true
     0 | D:1      | 0 ||| qw: Do second Lair branch before Depths: true
     0 | D:1      | 0 ||| qw: Lair rune preference: random
     0 | D:1      | 0 ||| qw: Plans: Normal
     0 | D:1      | 0 ||| PLANNING D:1-11
   260 | D:1      | 260 ||| SWAPPING to +0 club.
   261 | D:1      | 261 ||| DROPPING +1 dagger.
   459 | D:1      | Reached skill level 1 in Axes
   663 | D:1      | Reached XP level 2. HP: 19/22 MP: 3/3
   715 | D:1      | Reached skill level 1 in Fighting
  1559 | D:1      | 1559 ||| SWAPPING to +0 short sword.
  1560 | D:1      | 1560 ||| DROPPING +0 club.
  1688 | D:1      | Found a faded altar of an unknown god.
  1689 | D:1      | 1689 ||| UPGRADING to +0 leather armour.
  1699 | D:1      | 1699 ||| DROPPING +0 robe.
  1700 | D:1      | 1700 ||| UPGRADING to +0 scale mail.
  1710 | D:1      | 1710 ||| DROPPING +0 leather armour.
  1711 | D:1      | 1711 ||| READING 2 scrolls labelled ROSMIPL NEST.
  1712 | D:1      | 1712 ||| READING scroll labelled KOITEN GA UCKE.
  1713 | D:1      | 1713 ||| READING scroll labelled LOMPALEI JOOKO.
  1714 | D:1      | 1714 ||| READING 3 scrolls labelled YCUEWK AXZIRE.
  1715 | D:1      | 1715 ||| READING 2 scrolls of brand weapon.
  1715 | D:1      | 1715 ||| BRANDING +0 short sword of electrocution.
  1716 | D:1      | 1716 ||| READING scroll of brand weapon.
  1716 | D:1      | 1716 ||| BRANDING +0 short sword of protection.
  1717 | D:1      | 1717 ||| DROPPING 2 potions of invisibility.
  1823 | D:2      | Identified the +9 flail "Piveak" {holy, rF- rN+ rCorr
                  | Dex+2}
  1843 | D:2      | Reached skill level 2 in Axes
  1843 | D:2      | Reached XP level 3. HP: 27/28 MP: 4/4
  1997 | D:2      | 1997 ||| FLEEEEING.
  1998 | D:2      | 1998 ||| FLEEEEING.
  1999 | D:2      | 1999 ||| FLEEEEING.
  2009 | D:2      | 2009 ||| FLEEEEING.
  2010 | D:2      | 2010 ||| FLEEEEING.
  2016 | D:2      | 2016 ||| FLEEEEING.
  2020 | D:2      | 2020 ||| FLEEEEING.
  2021 | D:2      | 2021 ||| FLEEEEING.
  2022 | D:2      | 2022 ||| FLEEEEING.
  2023 | D:2      | 2023 ||| FLEEEEING.
  2024 | D:2      | 2024 ||| FLEEEEING.
  2025 | D:2      | 2025 ||| FLEEEEING.
  2141 | D:2      | 2141 ||| Stepping ~*~*~tactically~*~*~ (stealth).
  2143 | D:2      | 2143 ||| Stepping ~*~*~tactically~*~*~ (stealth).
  2145 | D:2      | 2145 ||| Stepping ~*~*~tactically~*~*~ (stealth).
  2147 | D:2      | 2147 ||| Stepping ~*~*~tactically~*~*~ (stealth).
  2164 | D:2      | HP: 7/28 [hobgoblin/+0 hand axe (3)]
  2170 | D:2      | HP: 7/28 [jackal (1)]
  2190 | D:2      | 2190 ||| Stepping ~*~*~tactically~*~*~ (stealth).
  2211 | D:2      | HP: 6/28 [rat (3)]
  2482 | D:2      | 2482 ||| Stepping ~*~*~tactically~*~*~ (stealth).
  2483 | D:2      | 2483 ||| Stepping ~*~*~tactically~*~*~ (stealth).
  2487 | D:2      | 2487 ||| Stepping ~*~*~tactically~*~*~ (stealth).
  2554 | D:2      | 2554 ||| SWAPPING to +0 hand axe.
  2555 | D:2      | 2555 ||| DROPPING +0 short sword of freezing.
  2586 | D:2      | Reached XP level 4. HP: 36/36 MP: 5/5
  3036 | D:2      | 3036 ||| READING scroll labelled IKHINL WUDOG.
  3037 | D:2      | 3037 ||| READING scroll labelled XUDGHE GODWAJ.
  3040 | D:2      | 3040 ||| READING scroll labelled USOUSH RIMAM.
  3041 | D:2      | 3041 ||| READING scroll labelled YPNEGA ICSILISM.
  3042 | D:2      | 3042 ||| READING scroll labelled XETEDD ALLONIE.
  3211 | D:3      | Reached skill level 3 in Axes
  3369 | D:3      | Found a transporter.
  3371 | D:3      | Noticed qw's ghost (amateur GrBe)
  3373 | D:3      | Identified the +9 great mace "Qorenwunno" {vorpal, rElec
                  | rPois Int-2 SInv}
  3373 | D:3      | Noticed an ogre
  3379 | D:3      | Found a transporter.
  3471 | D:3      | 3471 ||| DROPPING +0 club.
  3495 | D:3      | Reached XP level 5. HP: 23/41 MP: 6/6
  3644 | D:3      | 3644 ||| DROPPING +0 whip.
  3720 | D:3      | 3720 ||| Stepping ~*~*~tactically~*~*~ (stealth).
  3721 | D:3      | 3721 ||| Stepping ~*~*~tactically~*~*~ (stealth).
  4179 | D:3      | 4179 ||| READING scroll labelled ESTIGGOMOT.
  4218 | D:4      | 4218 ||| STAIRDANCE
  4253 | D:4      | 4253 ||| STAIRDANCE
  4260 | D:3      | Reached skill level 4 in Axes
  4344 | D:4      | 4344 ||| STAIRDANCE
  4356 | D:4      | 4356 ||| STAIRDANCE
  4403 | D:4      | 4403 ||| STAIRDANCE
  4413 | D:4      | 4413 ||| STAIRDANCE
  4421 | D:4      | 4421 ||| Stepping ~*~*~tactically~*~*~ (stealth).
  4423 | D:4      | 4423 ||| STAIRDANCE
  4428 | D:4      | 4428 ||| STAIRDANCE
  4457 | D:4      | Noticed Robin
  4458 | D:4      | 4458 ||| Stepping ~*~*~tactically~*~*~ (hiding).
  4460 | D:4      | 4460 ||| Stepping ~*~*~tactically~*~*~ (hiding).
  4461 | D:4      | 4461 ||| Stepping ~*~*~tactically~*~*~ (hiding).
  4466 | D:4      | 4466 ||| STAIRDANCE
  4476 | D:3      | Killed Robin
  4565 | D:3      | 4565 ||| UPGRADING to +0 helmet.
  4573 | D:4      | 4573 ||| STAIRDANCE
  4600 | D:4      | 4600 ||| STAIRDANCE
  4627 | D:4      | 4627 ||| STAIRDANCE
  4636 | D:3      | Reached skill level 1 in Armour
  4636 | D:3      | Reached XP level 6. HP: 44/50 MP: 7/7
  4720 | D:4      | Reached skill level 3 in Fighting
  4720 | D:4      | 4720 ||| STAIRDANCE
  4992 | D:4      | Noticed a black bear
  5008 | D:4      | HP: 11/51 [black bear (5)]
  5010 | D:4      | Killed a black bear
  5292 | D:4      | HP: 12/51 [iguana (10)]
  5293 | D:4      | 5293 ||| READING scroll of teleportation.
  5295 | D:4      | Reached skill level 5 in Axes
  5295 | D:4      | Reached XP level 7. HP: 13/57 MP: 8/8
  5990 | D:4      | HP: 9/59 [orc priest/divine providence (17)]
  5995 | D:4      | HP: 5/59 [orc/+0 hand axe (1)]
  6001 | D:4      | HP: 6/59 [orc priest/+0 club (1)]
  6003 | D:4      | Slain by an orc priest

Levels and vault maps discovered:
D:1:      nicolae_arrival_somewhat_less_tricky_arrival, layout_basic,
          shapermc_ecumenical_altar_mp_vishouse
D:2:      layout_basic
D:3:      layout_basic, gammafunk_ghost_smash
D:4:      cheibrodos_quashed, layout_basic, uniq_robin, uniq_edmund

Skill      XL: |  1  2  3  4  5  6  7 |
---------------+----------------------+-----
Axes           | 1 2 3 4 5 |  5.7
Fighting       | 1 2 3 4 |  4.3
Armour         | 1 |  1.4
Short Blades   | |  0.8
Dodging        | |  1.7
Stealth        | |  3.2
Spellcasting   | |  1.7
Hexes          | |  2.4

Action                   |  1- 3 |  4- 6 |  7- 9 || total
-------------------------+-------+-------+-------++-------
Melee: Club              |   102 |       |       ||   102
       Dagger            |    10 |       |       ||    10
       Short sword       |    64 |       |       ||    64
       Punch             |     1 |     4 |       ||     5
       Hand axe          |     5 |   254 |    51 ||   310
  Use: Scroll            |     6 |     7 |       ||    13
Armor: Robe              |    33 |       |       ||    33
       Scale mail        |    46 |   139 |    34 ||   219
Dodge: Dodged            |   138 |   133 |    25 ||   296

Table legend:
 A = Non-vault XP
 B = Vault XP
 C = Vault XP percentage of total XP
 D = Non-vault monster count
 E = Vault monster count
 F = Vault count percentage of total count
                 A         B        C        D         E       F
            +---------+---------+-------+---------+---------+-------
      Total |     882 |      30 |   3.3 |      83 |       9 |   9.8
            +---------+---------+-------+---------+---------+-------
        D:1 |      29 |       0 |   0.0 |      18 |       0 |   0.0
        D:2 |      70 |       0 |   0.0 |      20 |       0 |   0.0
        D:3 |     223 |      26 |  10.4 |      30 |       7 |  18.9
        D:4 |     560 |       4 |   0.7 |      15 |       2 |  11.8
            +---------+---------+-------+---------+---------+-------
